AoeStats
← PaulTschigerillo

Arabia

509943672Analyzed
2v2 RM · 2d ago on Sep 28, 2026· 36m 55s· 4 players
Game mode
Random Map
Map size
Medium (4 player)
Population
200
Speed
Normal
Resources
Standard
Victory
Conquest
Starting age
Dark Age
Ending age
Imperial Age
RankedLock teamsTeams togetherTeam positionsShared explorationLock speedFull tech treeHidden civsTurbo modeCheats
Victory
Defeat
🇨🇿 Vikings · Czechia
1198
+17
🇳🇱 Varangians · Netherlands
1195
+17
🇩🇪 Saxons · Germany
1220
-17
🇩🇪 Danes · Germany
1219
-17
Sofia
4:13 Loom
9:40 Feudal Age
15:52 Castle Age
14:54 Double-Bit Axe
15:42 Bloodlines
20:15 Horse Collar
21:39 Gold Mining
24:19 Wheelbarrow
23:29 Town Watch
30:38 Imperial Age
31:08 Imperial Age
29:10 Man-at-Arms
31:55 Scale Mail Armor
32:27 Gambesons
33:46 Conscription
34:27 Fletching
Azmir
10:03 Feudal Age
10:53 Double-Bit Axe
12:23 Loom
15:55 Fletching
23:07 Castle Age
22:47 Gold Mining
22:42 Horse Collar
24:01 Bodkin Arrow
23:27 Crossbowman
24:20 Bow Saw
25:11 Padded Archer Armor
27:51 Ballistics
37:55 Imperial Age
PaulTschigerillo
9:40 Feudal Age
8:23 Loom
10:38 Double-Bit Axe
16:01 Fletching
23:00 Castle Age
23:14 Crossbowman
23:50 Bodkin Arrow
fickr
10:31 Feudal Age
12:24 Loom
17:10 Castle Age
18:10 Pikeman
19:13 Double-Bit Axe
19:17 Horse Collar
20:36 Squires
28:06 Wheelbarrow
27:51 Gambesons
27:51 Arson
29:04 Hand Cart
28:35 Town Watch
30:39 Gold Mining
31:02 Bow Saw
30:54 Heavy Plow
34:55 Imperial Age
34:49 Gold Shaft Mining
34:06 Stone Mining
35:13 Capped Ram
Connection lost

Rejoining the realm…

Still unreachable

The connection could not be restored.

Session expired

The server has moved on; the page needs a fresh start.